 Dungeon Crawl Stone Soup version 0.18-a0-1197-g8004e50 (webtiles) character file.

259 st0uf the Shield-Bearer (level 5, -2/47 HPs)
             Began as a Minotaur Fighter on Jan 30, 2016.
             Was a Believer of Pakellas.
             Slain by an orc wizard
             ... wielding a +0 dagger
              (3 damage)
             ... on level 4 of the Dungeon.
             The game lasted 00:09:35 (3459 turns).

st0uf the Shield-Bearer (Minotaur Fighter)          Turns: 3459, Time: 00:09:35

Health: -2/47      AC:  7    Str: 26    XL:     5   Next: 95%
Magic:  4/4        EV:  8    Int:  5    God:    Pakellas [**....]
Gold:   197        SH:  0    Dex: 10    Spells: 0 memorised, 4 levels left

rFire  . . .     SeeInvis .     a - +0 war axe
rCold  + . .     Gourm    .     b - +0 scale mail
rNeg   . . .     Faith    .     c - +0 shield
rPois  .         Spirit   .     (helmet restricted)
rElec  .         Dismiss  .     (no cloak)
rCorr  .         Reflect  .     (no gloves)
SustAt .         Harm     .     (no boots)
MR     .....                    (no amulet)
Stlth  ..........               (no ring)
                                s - ring of protection from cold

@: confused, mighty, heavily drained, not resistant to hostile enchantments,
extremely unstealthy
A: retaliatory headbutt, horns 2
a: Quick Charge, Renounce Religion


You were on level 4 of the Dungeon.
You worshipped Pakellas.
Pakellas was pleased with you.
You were not hungry.

You visited 1 branch of the dungeon, and saw 4 of its levels.

You collected 197 gold pieces.

Inventory:

Hand Weapons
 a - a +0 war axe (weapon)
Armour
 b - a +0 scale mail (worn)
 c - a +0 shield (worn)
 g - a +0 plate armour
Jewellery
 s - a ring of protection from cold (left hand)
Wands
 p - a wand of fireball (11/15)
Scrolls
 h - 2 scrolls of enchant armour {unknown}
 j - a scroll of identify {unknown}
 k - 5 scrolls of teleportation {unknown}
 l - a scroll of fear {unknown}
 m - 2 scrolls of remove curse {unknown}
 o - 4 scrolls of random uselessness {unknown}
 u - a scroll of blinking {unknown}
Potions
 d - a potion of might
Books
 q - a book of Annihilations

   Spells                             Type                      Level
   a - Poison Arrow                   Conjuration/Poison           6
   b - Chain Lightning                Conjuration/Air              8
   c - Lehudib's Crystal Spear        Conjuration/Earth            8
   d - Glaciate                       Conjuration/Ice              9
   e - Fire Storm                     Conjuration/Fire             9
Comestibles
 f - 3 bread rations
 i - 2 slices of pizza
 r - a meat ration
 t - a chunk of flesh


   Skills:
 + Level 4.8(3.5) Fighting
 + Level 3.3(2.0) Axes
 + Level 5.0(3.7) Armour
 + Level 2.1(0.9) Dodging
 + Level 0.3(0.0) Stealth
 + Level 5.0(3.6) Shields
 * Level 0.8(0.0) Evocations


You had 4 spell levels left.
You didn't know any spells.

Dungeon Overview and Level Annotations

Branches:
Dungeon (4/15)
 Temple: D:4-7

Altars:
Ashenzari
Kikubaaqudgha
Okawaru
Pakellas
Trog

Annotations:
D:4 Blork the orc


Innate Abilities, Weirdness & Mutations

You reflexively headbutt those who attack you in melee.
You have a pair of horns on your head.


Message History

* * * LOW HITPOINT WARNING * * *
You feel drained.
* * * LOW HITPOINT WARNING * * *
Drink which item? (? for menu, Esc to quit)
It was a potion of cure mutation.
It has a very clean taste.
The orc wizard hits you but does no damage.
The orc barely misses you. The orc completely misses you.
The orc wizard points at you and mumbles some strange words.
The magic dart hits you!
* * * LOW HITPOINT WARNING * * *
Drink which item? (? for menu, Esc to quit)
You feel very mighty all of a sudden.
Blork the orc zaps a wand.
Nothing appears to happen.
The orc hits you but does no damage.
The orc wizard points at you and mumbles some strange words.
The magic dart hits you!
* * * LOW HITPOINT WARNING * * *
The orc barely misses you.
You bump into the rock wall.
The orc wizard hits you with a dagger.
You die...

##.## #...# ###...##
###...###
###......####.......#
#...................#
#
#.#.....#####.......#
..# ##.#†.# ###...###
.. .. #..# #...#
#.####..# ##.####
#..o@o..## #......
####oo...# ###......
#.......# #.......#
#.........##........
+.........+.........
#.........####..<.##
##.......## #......
##.....## ##.....
##...## #.....


You could see Blork the orc, an orc wizard and 2 orcs.

Vanquished Creatures
  A centaur skeleton (D:4)
  2 worker ants (D:4)
  4 gnolls (D:4)
  7 adders
  2 oozes
  4 giant geckos
  6 orcs (D:4)
  3 ball pythons
  5 bats
  A giant cockroach (D:4)
  3 goblins
  5 hobgoblins
  14 jackals
  4 kobolds
  5 giant newts
  4 rats
70 creatures vanquished.

Vanquished Creatures (others)
  A sphinx (D:2)
1 creature vanquished.

Grand Total: 71 creatures vanquished

Notes
Turn   | Place    | Note
--------------------------------------------------------------
     0 | D:1      | st0uf the Minotaur Fighter began the quest for the Orb.
     0 | D:1      | Reached XP level 1. HP: 19/19 MP: 0/0
   286 | D:1      | Reached skill level 4 in Shields
   286 | D:1      | Reached XP level 2. HP: 27/27 MP: 1/1
  1036 | D:2      | Reached XP level 3. HP: 33/33 MP: 2/2
  1142 | D:2      | Found an oddly glowing altar of Pakellas.
  1143 | D:2      | Noticed a sphinx
  1146 | D:2      | Became a worshipper of Pakellas the Inventive
  1156 | D:2      | Killed a sphinx
  1233 | D:2      | HP: 1/33 [poisoned by an adder]
  1985 | D:3      | Found an iron altar of Okawaru.
  2006 | D:3      | Found a shattered altar of Ashenzari.
  2036 | D:3      | Found an ancient bone altar of Kikubaaqudgha.
  2111 | D:3      | Reached XP level 4. HP: 40/40 MP: 3/3
  2125 | D:3      | Reached * piety under Pakellas
  2166 | D:3      | Reached skill level 1 in Dodging
  2333 | D:3      | Found a bloodstained altar of Trog.
  2622 | D:4      | Reached XP level 5. HP: 32/46 MP: 4/4
  2963 | D:4      | Reached ** piety under Pakellas
  2963 | D:4      | Received a gift from Pakellas
  2974 | D:4      | Reached skill level 5 in Shields
  3425 | D:4      | Reached skill level 5 in Armour
  3430 | D:4      | Noticed Blork the orc
  3458 | D:4      | HP: 1/47 [orc wizard/magic dart (3)]
  3459 | D:4      | Slain by an orc wizard

Vault maps used:
D:1:      dpeg_arrival_central, minivault_27
D:2:      gammafunk_pakellas_spire_experiment
D:3:      lemuel_crystal_altar, okawaru_metal_pillars_1_2,
          nicolae_overflow_hidden_temple, trog_book
D:4:      uniq_blork_the_orc

Action                   |  1- 3 |  4- 6 || total
-------------------------+-------+-------++-------
Melee: War axe           |    82 |    96 ||   178
  Use: Potion            |       |     3 ||     3
  Eat: Chunk             |     4 |     4 ||     8
